 Dungeon Crawl Stone Soup version 0.29.1-2-gbd0b4ee654 (webtiles) character file.

Game seed: 3942185423174827237

3290 KamiKatze the Thaumaturge (level 9, -8/45 HPs)
             Began as a Deep Elf Conjurer on Nov 3, 2022.
             Was an Initiate of Vehumet.
             Engulfed by an ice statue's freezing vapour (29 damage)
             ... on level 7 of the Dungeon.
             The game lasted 00:30:17 (8441 turns).

KamiKatze the Thaumaturge (Deep Elf Conjurer)       Turns: 8441, Time: 00:30:19

Health: -8/45      AC:  4    Str:  4    XL:     9   Next: 69%
Magic:  20/24      EV: 12    Int: 28    God:    Vehumet [......]
Gold:   436        SH:  0    Dex: 13    Spells: 13/26 levels left

rFire   + . .      SeeInvis .   G - +0 quarterstaff (speed)
rCold   . . .      Faith    .   (shield currently unavailable)
rNeg    . . .      Spirit   .   a - +0 robe
rPois   .          Reflect  .   n - +0 helmet
rElec   .          Harm     .   (no cloak)
rCorr   .          Rampage  .   (no gloves)
Will    .....                   h - +0 pair of boots
Stlth   ++........              (no amulet)
HPRegen 0.15/turn               k - ring of protection from fire
MPRegen 0.19/turn               c - ring of flight

@: flying
A: no striking features
a: Renounce Religion


You were on level 7 of the Dungeon.
You worshipped Vehumet.
Vehumet was noncommittal.
You visited 2 branches of the dungeon, and saw 8 of its levels.

You collected 436 gold pieces.

Inventory:

Hand Weapons
 o - a +0 quick blade
 v - a +2 whip of flaming
 G - a +0 quarterstaff of speed (weapon)
Armour
 a - a +0 robe (worn)
 h - a +0 pair of boots (worn)
 n - a +0 helmet (worn)
Jewellery
 c - a ring of flight (right hand)
 k - a ring of protection from fire (left hand)
Wands
 i - a wand of mindburst (20)
 u - a wand of polymorph (1)
 y - a wand of iceblast (15)
Scrolls
 d - a scroll of fear {unknown}
 e - a scroll of poison
 f - 2 scrolls of enchant armour {unknown}
 g - 2 scrolls of immolation {unknown}
 j - a scroll of brand weapon {unknown}
 q - a scroll of noise {unknown}
 r - a scroll of amnesia {unknown}
 t - a scroll of vulnerability {unknown}
 x - 3 scrolls of teleportation
 A - a scroll of silence
 C - a scroll of fog {unknown}
 E - a scroll of blinking {unknown}
Potions
 b - 2 potions of magic
 l - a potion of cancellation
 p - 2 potions of curing
 s - a potion of brilliance {unknown}
 w - 3 potions of haste
 z - a potion of ambrosia {unknown}
 B - a potion of flight
 D - a potion of heal wounds {unknown}
 F - a potion of resistance {unknown}


   Skills:
 - Level 3.0 Dodging
 - Level 3.0 Stealth
 * Level 9.4 Spellcasting
 * Level 8.7 Conjurations
 * Level 8.8 Hexes
 * Level 7.2 Translocations


You had 13 spell levels left.
You knew the following spells:

 Your Spells              Type           Power      Damage    Failure   Level
a - Magic Dart            Conj           100%       1d8       1%          1
b - Searing Ray           Conj           100%       2d8       1%          2
c - Fulminant Prism       Conj/Hex       29%        3d14      1%          4
d - Iskenderun's Mystic   Conj/Tloc      55%        2d12      1%          4
e - Blink                 Tloc           100%       N/A       1%          2

Your spell library contained the following spells:

 Spells                   Type           Power      Damage    Failure   Level
 Apportation              Tloc           100%       N/A       1%          1
 Shock                    Conj/Air       100%       1d9       1%          1
 Slow                     Hex            100%       N/A       1%          1
 Confusing Touch          Hex            58%        N/A       1%          3
 Dazzling Flash           Conj/Hex       100%       N/A       1%          3
 Cause Fear               Hex            29%        N/A       1%          4
 Necrotise                Necr           52%        1d6       4%          1
 Summon Small Mammal      Summ           52%        N/A       4%          1
 Manifold Assault         Tloc           52%        N/A       6%          5
 Swiftness                Air            13%        N/A       13%         3
 Vampiric Draining        Necr           13%        2d6       13%         3
 Silence                  Hex/Air        19%        N/A       19%         5
 Airstrike                Air            6%         2d(1-17)  38%         4
 Starburst                Conj/Fire      18%        6d7       71%         6
 Agony                    Necr           13%        N/A       75%         5
 Dragon Form              Tmut           6%         N/A       100%        7
 Storm Form               Tmut/Air       6%         N/A       100%        7
 Dragon's Call            Summ           6%         N/A       100%        9


Dungeon Overview and Level Annotations

Branches:
Dungeon (7/15)             Temple (1/1) D:7

Altars:
Ashenzari
Cheibriados
Dithmenos
Elyvilon
Fedhas
Gozag
Hepliaklqana
Kikubaaqudgha
Nemelex Xobeh
Okawaru
Ru
Sif Muna
Trog
Vehumet
Wu Jian
Yredelemnul
Zin
The Shining One

Annotations:
D:2 Terence
D:7 exclusion: ice statue


Message History

The blast of energy engulfs the ice beast!!
The ice beast is severely wounded.
Casting: Fulminant Prism (dangerous; 1% risk of failure)
Confirm with . or Enter, or press ? or * to list all spells.
Aiming: Fulminant Prism (dangerous; 1% risk of failure)
Press: ? - help, Dir - move target You conjure a prism of explosive energy!
A fulminant prism comes into view.
Your fulminant prism crackles loudly.
Your fulminant prism explodes!
The blast of energy engulfs the ice beast!!
You kill the ice beast!
The ice beast disappears in a puff of smoke!
You start resting.
Magic restored.
Really fly into a travel-excluded area?
Casting: Fulminant Prism (dangerous; 1% risk of failure)
Confirm with . or Enter, or press ? or * to list all spells.
Aiming: Fulminant Prism (dangerous; 1% risk of failure)
Press: ? - help, Dir - move target You conjure a prism of explosive energy!
A fulminant prism comes into view.
Your fulminant prism crackles loudly.
Your fulminant prism explodes!
You start resting.
Magic restored.
Really fly into a travel-excluded area?
The ice statue gestures at you.
Really fly into that cloud of freezing vapour?
You are engulfed in freezing vapours.
Ouch! That really hurt!
Casting: Fulminant Prism (dangerous; 1% risk of failure)
Confirm with . or Enter, or press ? or * to list all spells.
Aiming: Fulminant Prism (dangerous; 1% risk of failure)
Press: ? - help, Dir - move target You conjure a prism of explosive energy!
A fulminant prism comes into view.
You are engulfed in freezing vapours.
Ouch! That really hurt!
You die...

##≈≈≈##
#.....#
#≈≈≈##
#......
##≈≈≈#
#....##
#≈≈≈≈#
#....#
##≈≈≈##
#....#
#≈≈≈##
#....#
#≈≈≈#
#......
#≈≈≈##
#.....#
##@§○#
#....#
#○○§# ..
##☼☼☼#
..
#≈☼≈≈≈
##≈≈*≈≈#
##.~~≈~#
8.~[[#
#..})#


You could see an ice statue (ally target) and a friendly fulminant prism.

Vanquished Creatures
  A wyvern (D:7)
  A steam dragon (D:7)
  Menkaure (D:5)
  A water moccasin (D:7)
  A sky beast (D:6)
  3 ogres
  3 black bears
  A phantom (D:6)
  A bullfrog (D:7)
  2 scorpions
  2 necrophages
  11 wights
  6 killer bees (D:7)
  A howler monkey (D:6)
  2 electric eels (D:7)
  2 orc priests (D:5)
  7 hounds
  4 jellies
  An orc wizard (D:5)
  7 iguanas
  Robin (D:2)
  4 gnolls
  11 adders
  A shadow imp (D:6)
  2 white imps
  4 dart slugs
  18 orcs
  9 endoplasms
  6 giant cockroaches
  12 goblins
  13 hobgoblins
  5 jackals
  4 quokkas
  4 ball pythons
  5 bats
  3 frilled lizards
  2 kobolds (D:2)
  14 rats
176 creatures vanquished.

Vanquished Creatures (others)
  23 fulminant prisms
23 creatures vanquished.

Grand Total: 199 creatures vanquished

Notes
Turn   | Place    | Note
-------+----------+-------------------------------------------
     0 | D:1      | KamiKatze the Deep Elf Conjurer began the quest for the
                  | Orb.
     0 | D:1      | Reached XP level 1. HP: 10/10 MP: 6/6
   396 | D:1      | Reached XP level 2. HP: 15/15 MP: 6/8
   399 | D:1      | Learned a level 2 spell: Searing Ray
   858 | D:1      | Reached skill level 1 in Hexes
  1238 | D:2      | Noticed Terence
  1279 | D:2      | Reached XP level 3. HP: 19/19 MP: 6/10
  1360 | D:2      | Found a shimmering blue altar of Sif Muna.
  1448 | D:2      | Reached skill level 1 in Translocations
  1594 | D:2      | Reached XP level 4. HP: 24/24 MP: 6/11
  1910 | D:2      | Reached skill level 4 in Spellcasting
  1973 | D:2      | Noticed Robin
  1999 | D:2      | Killed Robin
  2144 | D:2      | Reached skill level 5 in Conjurations
  2256 | D:2      | Learned a level 4 spell: Fulminant Prism
  2261 | D:2      | Learned a level 4 spell: Iskenderun's Mystic Blast
  2325 | D:3      | Found a glowing silver altar of Zin.
  2694 | D:3      | Reached XP level 5. HP: 28/28 MP: 8/13
  3479 | D:4      | Reached XP level 6. HP: 21/32 MP: 9/15
  3688 | D:4      | Reached skill level 5 in Spellcasting
  4181 | D:5      | Entered Level 5 of the Dungeon
  4343 | D:5      | Reached XP level 7. HP: 36/36 MP: 10/17
  4612 | D:5      | Noticed Menkaure
  4683 | D:5      | Reached skill level 6 in Spellcasting
  4683 | D:5      | Reached skill level 5 in Hexes
  4840 | D:5      | Killed Menkaure
  5219 | D:5      | Reached XP level 8. HP: 41/41 MP: 13/20
  5313 | D:5      | Learned a level 2 spell: Blink
  5892 | D:6      | Reached skill level 7 in Spellcasting
  5963 | D:6      | Reached skill level 5 in Translocations
  6231 | D:6      | Found a shadowy altar of Dithmenos.
  6232 | D:6      | Found a hazy altar of Hepliaklqana.
  6671 | D:6      | Reached skill level 8 in Spellcasting
  6908 | D:6      | Reached XP level 9. HP: 37/45 MP: 10/23
  7105 | D:7      | Found a staircase to the Ecumenical Temple.
  7114 | Temple   | Entered the Ecumenical Temple
  7268 | Temple   | Became a worshipper of Vehumet
  7404 | D:7      | Found an ornate altar of the Wu Jian Council.
  7462 | D:7      | Reached skill level 9 in Spellcasting
  7676 | D:7      | Found a white marble altar of Elyvilon.
  7788 | D:7      | Found an iron altar of Okawaru.
  8231 | D:7      | Noticed an ice statue
  8441 | D:7      | Engulfed by an ice statue's freezing vapour

Illustrated notes

Levels and vault maps discovered:
D:1:      shiori_arrival_elements, layout_basic
D:2:      minmay_door_path, layout_loops_ring, basic_altar,
          minmay_rat_gold_closets, uniq_terence, uniq_robin
D:3:      layout_basic, mainiacjoe_overflow_boulevard
D:4:      layout_loops_corners, dk_noncrumbling_3, dk_noncrumbling_4,
          skrybe_limestone_x, hangedman_decor_lopped
D:5:      layout_loops_ring, uniq_menkaure
D:6:      layout_loops_corners, riverfiend_overflow_shadow_ancestor,
          nicolae_fountain_basement
D:7:      statuecave_lemuel, layout_basic, mainiacjoe_overflow_surrounded_room,
          general_overflow_altar, mainiacjoe_overflow_catwalk, temple_hall,
          grunt_ministairs_13, hangedman_decor_growths
Temple:   hellmonk_temple_flake

Skill      XL: |  1  2  3  4  5  6  7  8  9 |
---------------+----------------------------+-----
Hexes          | 1 2 3 4 5 7 8 |  8.8
Dodging        | 3 |  3.0
Stealth        | 3 |  3.0
Translocations | 1 2 3 4 6 7 |  7.2
Spellcasting   | 4 5 6 8 9 |  9.4
Conjurations   | 5 6 7 8 |  8.7

Action                   |  1- 3 |  4- 6 |  7- 9 || total
-------------------------+-------+-------+-------++-------
Melee: Short sword       |     9 |    17 |       ||    26
       Spear             |       |    15 |       ||    15
       Quick blade       |       |       |     4 ||     4
 Cast: Magic Dart        |    62 |    81 |    50 ||   193
       Searing Ray       |     2 |    18 |    30 ||    50
       Fulminant Prism   |       |       |    24 ||    24
       Iskenderun's Myst |       |       |    13 ||    13
  Use: Scroll            |       |     1 |     6 ||     7
       Potion            |       |       |     1 ||     1
 Stab: Sleeping          |     2 |     3 |     1 ||     6
Armor: Robe              |     3 |    10 |     8 ||    21
Dodge: Dodged            |     6 |    29 |    17 ||    52
